 Seeded DCSS version 0.30-a0-719-gcc4359ea44 (webtiles) character file.

Game seed: 5430720872467839093 (custom seed)

583 OTABOTABOTAB the Insei (level 7, -25/46 HPs)
             Began as an Octopode Transmuter on Jan 27, 2023.
             Killed by an exploding butterfly (27 damage)
             ... ignited by their inner flame
             ... on level 4 of the Dungeon.
             The game lasted 00:09:24 (4202 turns).

OTABOTABOTAB the Insei (Octopode Transmuter)        Turns: 4202, Time: 00:09:25

Health: -25/46     AC:  1    Str: 15    XL:     7   Next: 37%
Magic:  10/10      EV: 14    Int: 17    God:
Gold:   3081       SH:  0    Dex: 13    Spells: 0/10 levels left

rFire   . . .      SeeInvis .      - Unarmed
rCold   + . .      Faith    .    (no shield)
rNeg    + . .      Spirit   .    (helmet restricted)
rPois   .          Reflect  .    (no amulet)
rElec   .          Harm     .    k - +6 ring of strength
rCorr   .          Rampage  .    C - ring of protection from cold {rC+, !d}
Will    .....                    N - ring of positive energy {rN+}
Stlth   ++                       (no ring)
HPRegen 0.27/turn                (no ring)
MPRegen 0.12/turn                (no ring)
                                 (no ring)
                                 (no ring)

@: about to teleport, studying Fighting
A: almost no armour, amphibious, 8 rings, camouflage 1, gelatinous body 1,
(nimble swimmer 1), tentacles
a: no special abilities


You were on level 4 of the Dungeon.
You visited 2 branches of the dungeon, and saw 5 of its levels.

You collected 3081 gold pieces.

Inventory:

Hand Weapons
 a - the +8 longbow of Famine {freeze, rF+ rC+ Int+3}
   (You acquired it on level 2 of the Dungeon)

   Int:       It affects your intelligence (+3).
   rF:        It protects you from fire.
   rC:        It protects you from cold.
 b - the +3 short sword of the Manifold Quests {flame, rElec Int+5}
   (You found it on level 3 of the Dungeon)

   Int:       It affects your intelligence (+5).
   rElec:     It insulates you from electricity.
Missiles
 q - 5 poisoned darts
 s - 64 stones
Jewellery
 k - a +6 ring of strength (left tentacle)
   (You found it on level 1 of the Dungeon)
 C - a ring of protection from cold (right tentacle) {rC+, !d}
   (You found it on level 2 of the Dungeon)
 N - a ring of positive energy (on tentacle) {rN+}
   (You found it on level 4 of the Dungeon)
Wands
 v - a wand of roots (5)
   (You found it on level 4 of the Dungeon)
 y - a wand of mindburst (13)
   (You found it on level 3 of the Dungeon)
Scrolls
 f - 2 scrolls of amnesia
 h - a scroll of noise {!r}
 m - 2 scrolls of enchant armour {unknown}
 u - a scroll of silence {unknown}
 Y - a scroll of teleportation {@r3}
Potions
 c - a potion of mutation {unknown}
 e - 2 potions of attraction {!q}
 o - a potion of degeneration {unknown}
 t - a potion of ambrosia {unknown}
 J - 3 potions of curing {@q1}
 P - 3 potions of lignification {!q}
 T - 2 potions of berserk rage {!q}


   Skills:
 + Level 3.1 Fighting
 + Level 3.6 Dodging
 * Level 5.5 Unarmed Combat
 - Level 2.0 Spellcasting
 + Level 3.6 Transmutations
 + Level 0.5 Ice Magic
 + Level 2.5 Poison Magic


You couldn't memorise any spells.
You knew the following spells:

 Your Spells              Type           Power      Damage    Failure   Level
a - Beastly Appendage     Tmut           28%        N/A       4%          1
b - Wereblood             Tmut           14%        N/A       6%          2
c - Spider Form           Tmut/Pois      12%        N/A       16%         3
d - Ice Form              Ice/Tmut       8%         N/A       63%         4

Your spell library contained the following spells:

 Spells                   Type           Power      Damage    Failure   Level


Dungeon Overview and Level Annotations

Branches:
Dungeon (4/15)             Temple (1/1) D:4

Altars:
Cheibriados
Dithmenos
Hepliaklqana
Nemelex Xobeh
Okawaru
Ru
Sif Muna
Uskayaw
Vehumet
Wu Jian
Xom
Yredelemnul
Zin
The Shining One

Shops:
D:2 ?

Annotations:
D:4 1 runed translucent door, tinescath's ghost, novice DrHW


Innate Abilities, Weirdness & Mutations

You cannot wear most types of armour.
You are amphibious.
You can wear up to eight rings at the same time.
Your skin changes colour to match your surroundings (Stealth+).
Your rubbery body absorbs attacks. (AC +1, EV +1)
((You are camouflaged when in or above water. (Stealth+)))
You have tentacles for arms and can constrict up to eight enemies at once.


Message History

Could not explore, unopened runed door.
Could not explore, unopened runed door.
As you read the scroll labelled ACVEH IGGIFUPE, it crumbles to dust.
Your body is wracked with pain!
It was a scroll of torment.
You take 19 damage, and have 27/46 hp.
MASSIVE DAMAGE!!
As you read the scroll labelled AMNUHE BOSETAC, it crumbles to dust.
You hear the flapping of tiny wings.
It was a scroll of butterflies.
Blink to where?
Aim: a butterfly (summoned, friendly)
You can't blink onto your butterfly!
Blink to where?
Are you sure you want to cancel this blink?
Blink to where?
Aim: a butterfly (summoned, friendly) Are you sure you want to cancel this blink?
Okay, then.
As you read the scroll labelled KACWOCK BOYN, it crumbles to dust.
It was a scroll of blinking.
As you read the scroll labelled KIASOIHUUP, it crumbles to dust.
It is a scroll of identify.
g - 3 potions of curing;
J - 3 potions of curing
As you read the scroll of identify {@r1}, it crumbles to dust.
p - 2 potions of berserk rage;
T - 2 potions of berserk rage
As you read the scroll of identify {@r1}, it crumbles to dust.
e - 2 potions of attraction
As you read the scroll labelled KIEHURPHODD, it crumbles to dust.
It is a scroll of brand weapon.
You aren't carrying any weapons that can be branded.
The air fills with toxic fumes!
As you read the scroll labelled NEOREISHIR, it crumbles to dust.
It was a scroll of poison.
Your butterfly is engulfed in poison gas.
Your butterfly is poisoned.
You kill your butterfly!
Your butterfly disappears in a burst of colours!
Your butterfly is engulfed in poison gas.
Your butterfly is poisoned.
You kill your butterfly!
Your butterfly disappears in a burst of colours!
Your butterfly is engulfed in poison gas.
Your butterfly is poisoned.
You kill your butterfly!
Your butterfly disappears in a burst of colours!
Your butterfly is engulfed in poison gas.
Your butterfly is poisoned.
You kill your butterfly!
Your butterfly disappears in a burst of colours!
As you read the scroll labelled OSHUOC TYODAXA, it crumbles to dust.
It is a scroll of amnesia.
Really abort (and waste the scroll)?
Okay, then.
Your butterfly is poisoned.
Your butterfly is engulfed in poison gas.
Your butterfly looks even sicker.
You kill your butterfly!
Your butterfly disappears in a burst of colours!
As you read the scroll labelled QODEMI MUTED, it crumbles to dust.
You hear a loud clanging noise!
It was a scroll of noise.
Your butterfly is engulfed in poison gas.
Your butterfly is poisoned.
You kill your butterfly!
Your butterfly disappears in a burst of colours!
Your butterfly is poisoned.
Your butterfly is engulfed in poison gas.
Your butterfly looks even sicker.
You kill your butterfly!
Your butterfly disappears in a burst of colours!
As you read the scroll labelled ULOOHASMUSE, it crumbles to dust.
The creatures around you are filled with an inner flame!
It was a scroll of immolation.
As you read the scroll labelled VADUNN HIYST, it crumbles to dust.
You feel strangely unstable.
It was a scroll of teleportation.
Y - a scroll of teleportation Your butterfly is engulfed in poison gas.
Your butterfly is poisoned.
Your butterfly disappears in a burst of colours!
The fiery explosion engulfs your butterfly!!
Your butterfly disappears in a burst of colours!
The fiery explosion engulfs your butterfly!!
Your butterfly disappears in a burst of colours!
The fiery explosion engulfs your butterfly!!
Your butterfly disappears in a burst of colours!
The fiery explosion engulfs your butterfly!!
Your butterfly disappears in a burst of colours!
The fiery explosion engulfs your butterfly!!
Your butterfly disappears in a burst of colours!
The fiery explosion engulfs your butterfly!!
Your butterfly disappears in a burst of colours!
The fiery explosion engulfs your butterfly!!
Your butterfly disappears in a burst of colours!
The fiery explosion engulfs you!!
Ouch! That really hurt!
* * * LOW HITPOINT WARNING * * *
The fiery explosion engulfs you!!
Ouch! That really hurt!
You die...

#............................
##.#........######.###...####
#.#.######.######..##...#
#.#.....................#
#.#..#####.########.....##
#..........##bb§.........#
############bb#####......#
##...§§§.§.bbbbb# #......#
#...########@########...#.#
#...# #§§§§§§+SFSW?~###...#
#...# #§§§§§§###########..##
#...########§§..##...# #...#
#.......#<.#§§..##.#.####..#
#...###.#..§§§§.#.P...# #..##
#.....#.####§§§.#.....# #...#
#.....#....§§§§§...>P.# #.#.#
####..####.###.....P..# #.#.#


You could see a bullfrog, tinescath's ghost and 2 adders.

Vanquished Creatures
  Blork the orc (D:4)
  A scorpion (D:4)
  A necrophage (D:2)
  2 orc priests
  An iguana (D:4)
  3 orc wizards
  9 gnolls
  4 adders
  A white imp (D:4)
  3 worms (D:4)
  A dart slug (D:4)
  5 orcs
  3 bats
  8 endoplasms
  3 giant cockroaches
  4 goblins
  7 hobgoblins
  7 jackals
  6 kobolds
  5 quokkas
  8 ball pythons
  2 frilled lizards
  3 rats
88 creatures vanquished.

Vanquished Creatures (others)
  An orc wizard (D:4)
1 creature vanquished.

Grand Total: 89 creatures vanquished

Notes
Turn   | Place    | Note
-------+----------+-------------------------------------------
     0 | D:1      | OTABOTABOTAB the Octopode Transmuter began the quest for
                  | the Orb.
     0 | D:1      | Reached XP level 1. HP: 13/13 MP: 3/3
   193 | D:1      | Reached XP level 2. HP: 15/18 MP: 3/5
   212 | D:1      | Learned a level 2 spell: Wereblood
   797 | D:1      | Reached XP level 3. HP: 19/23 MP: 4/6
  1067 | D:2      | Found Doddoiw's Magic Scroll Shoppe.
  1113 | D:2      | Learned a level 3 spell: Spider Form
  1173 | D:2      | Noticed a necrophage
  1180 | D:2      | Killed a necrophage
  1181 | D:2      | Reached skill level 4 in Unarmed Combat
  1181 | D:2      | Reached XP level 4. HP: 9/29 MP: 5/7
  1338 | D:2      | Reached skill level 2 in Fighting
  1401 | D:2      | Reached XP level 5. HP: 32/34 MP: 8/8
  1739 | D:2      | Identified 4 scrolls of acquirement
  1739 | D:2      | Acquired 1243 gold pieces
  1741 | D:2      | Acquired 927 gold pieces
  1743 | D:2      | Acquired the +8 longbow of Famine {freeze, rF+ rC+ Int+3}
  1745 | D:2      | Acquired 747 gold pieces
  1840 | D:3      | Found a faded altar of an unknown god.
  1961 | D:3      | Reached skill level 3 in Transmutations
  2040 | D:3      | Identified the +3 short sword of the Manifold Quests
                  | {flame, rElec Int+5}
  2142 | D:3      | Reached skill level 3 in Dodging
  2224 | D:3      | Reached skill level 1 in Poison Magic
  2232 | D:3      | HP: 7/35 [gnoll/+0 spear (2)]
  2234 | D:3      | Reached XP level 6. HP: 5/41 MP: 7/9
  2628 | D:3      | Found an iron altar of Okawaru.
  2719 | D:3      | Identified the +2 robe of Binutifa {rPois Dex+5}
  2808 | D:4      | Found a runed translucent door.
  2809 | D:4      | Found a staircase to the Ecumenical Temple.
  2818 | Temple   | Entered the Ecumenical Temple
  3085 | D:4      | Reached skill level 5 in Unarmed Combat
  3492 | D:4      | Noticed tinescath's ghost (novice DrHW)
  3570 | D:4      | Reached skill level 2 in Poison Magic
  3570 | D:4      | Reached XP level 7. HP: 45/45 MP: 10/10
  3575 | D:4      | Learned a level 4 spell: Ice Form
  3594 | D:4      | Reached skill level 3 in Fighting
  3649 | D:4      | Noticed Blork the orc
  3662 | D:4      | Killed Blork the orc
  4202 | D:4      | HP: 2/46 [spore (28)]
  4202 | D:4      | Killed by an exploding butterfly... ignited by their inner
                  | flame

Illustrated notes

Levels and vault maps discovered:
D:1:      dpeg_arrival_boxes_within_box, layout_basic
D:2:      layout_loops_ring, serial_shops, shop, nicolae_kite_square_tiling_tiny
D:3:      layout_rooms, okawaru_metal_pillars_3, ebering_ecumenical_altar_rust
D:4:      layout_basic, minmay_temple_entry_overgrown, ebering_ghost_sewer_d,
          minmay_manual_monstrance, uniq_blork_the_orc
Temple:   oiseaux_autumnal_temple

Skill      XL: |  1  2  3  4  5  6  7 |
---------------+----------------------+-----
Unarmed Combat | 4 5 |  5.5
Fighting       | 2 3 |  3.1
Transmutations | 3 |  3.6
Dodging        | 3 |  3.6
Poison Magic   | 1 2 |  2.5
Spellcasting   | |  2.0
Ice Magic      | |  0.5

Action                     |  1- 3 |  4- 6 |  7- 9 || total
---------------------------+-------+-------+-------++-------
  Melee: Unarmed           |    52 |    28 |    12 ||    92
         Constrict         |    13 |    12 |     1 ||    26
         Kick              |    11 |    13 |     3 ||    27
         Tentacles         |     9 |     4 |     3 ||    16
         Punch             |     1 |     2 |     1 ||     4
         Short sword       |       |     7 |       ||     7
   Fire: Longbow           |       |    70 |    24 ||    94
  Throw: Stone             |     4 |       |       ||     4
   Cast: Beastly Appendage |    17 |    16 |     2 ||    35
Ability: End Transformatio |    13 |    10 |     2 ||    25
    Use: Scroll            |       |     5 |    12 ||    17
   Stab: Sleeping          |     4 |     1 |       ||     5
 Armour: Skin              |     1 |     4 |       ||     5
  Dodge: Dodged            |    27 |    34 |     8 ||    69

Table legend: (Time is in decaauts)
 A = Elapsed time spent in this place.
 B = Non-inter-level travel time spent in this place.
 C = Inter-level travel time spent in this place.
 D = Time resting spent in this place.
 E = Time spent auto-exploring this place.
 F = Levels seen in this place.
 G = Mean time per level.
                   A        B        C        D        E       F      G
               +--------+--------+--------+--------+--------+-----+--------+
         Total |   4251 |   4141 |    110 |    513 |   2998 |   5 |  850.2 |
       Dungeon |   4026 |   3933 |     93 |    513 |   2805 |   4 | 1006.5 |
        Temple |    224 |    207 |     17 |      0 |    193 |   1 |  224.0 |
               +--------+--------+--------+--------+--------+-----+--------+

Top non-repeatable levels by time:
     D:4: 1207 daAuts
     D:2: 1035 daAuts
     D:1: 992 daAuts
     D:3: 790 daAuts
  Temple: 224 daAuts

Table legend:
 A = Kills in this place as a percentage of kills in entire the game.
 B = Kills by you in this place as a percentage of kills by you in the entire game.
 C = Kills by friends in this place as a percentage of kills by friends in the entire game.
 D = Other kills in this place as a percentage of other kills in the entire game.
 E = Experience gained in this place as a percentage of experience gained in the entire game.
 F = Experience gained in this place divided by the number of levels of this place that you have seen.
                   A       B       C       D       E      F
               +-------+-------+-------+-------+-------+----------------------
         Total | 100.0 | 100.0 |   N/A | 100.0 | 100.0 | 166.6
       Dungeon | 100.0 | 100.0 |   N/A | 100.0 | 100.0 | 208.2
               +-------+-------+-------+-------+-------+----------------------
